 Dungeon Crawl Stone Soup version 0.29.1-13-g9f3cf754e1 (webtiles) character file.

Game seed: 17573859891832269825

27849 booth the Severer (level 13, -2/101 HPs)
             Began as a Demonspawn Gladiator on Jan 20, 2023.
             Was an Elder of Okawaru.
             Slain by a skeletal warrior
             ... wielding a +0 morningstar
              (23 damage)
             ... on level 14 of the Dungeon on Jan 21, 2023.
             The game lasted 02:27:58 (15825 turns).

booth the Severer (Demonspawn Gladiator)           Turns: 15825, Time: 02:27:59

Health: -2/101     AC: 21    Str: 18    XL:     13   Next: 6%
Magic:  10/16      EV: 16    Int: 18    God:    Okawaru [****..]
Gold:   994        SH:  4    Dex: 14    Spells: 12/12 levels left

rFire   + + .      SeeInvis +   H - +1 war axe (freeze)
rCold   + . .      Faith    .   (no shield)
rNeg    . . .      Spirit   .   S - +4 ring mail
rPois   .          Reflect  .   (helmet restricted)
rElec   .          Harm     .   j - scarf {rC+ rF+}
rCorr   .          Rampage  .   (no gloves)
Will    ++...                   (boots unavailable)
Stlth   +++.......              m - amulet of Brilliance {Will+ Regen+ Int+6}
HPRegen 1.86/turn               h - ring of willpower
MPRegen 0.15/turn               i - ring of see invisible

@: heroic, finesse-ful, sanguine armoured
A: hooves 3, foul stench 1, icemail 1, sanguine armour 1, condensation shield,
antennae 1, fire resistance 1, regeneration 1
a: Renounce Religion, Heroism, Finesse


You were on level 14 of the Dungeon.
You worshipped Okawaru.
Okawaru was greatly pleased with you.
You visited 2 branches of the dungeon, and saw 15 of its levels.
You also visited: Sewer.

You collected 994 gold pieces.

Inventory:

Hand Weapons
 t - a +2 whip of draining
 C - a +3 flail of freezing
 H - a +1 war axe of freezing (weapon)
 I - a +5 flail
 P - a +3 antimagic quarterstaff
 U - a +0 mace of protection
Missiles
 a - 3 silver javelins
 d - 5 throwing nets (quivered)
 f - 54 poisoned darts
 g - 8 boomerangs
 r - 11 javelins
Armour
 b - a +0 leather armour
 j - a scarf of resistance (worn)
 n - a +1 cloak
 u - a +0 kite shield
 M - +0 acid dragon scales
 N - +0 steam dragon scales
 S - a +4 ring mail (worn)
Jewellery
 h - a ring of willpower (left hand)
 i - a ring of see invisible (right hand)
 m - the amulet of Brilliance (around neck) {Will+ Regen+ Int+6}
   (You found it on level 8 of the Dungeon)

   [amulet of regeneration]

   Int:       It affects your intelligence (+6).
   Regen:     It increases your rate of health regeneration.
   Will:      It increases your willpower.
 x - an amulet of regeneration
 O - an amulet of reflection
Wands
 F - a wand of roots (3)
 G - a wand of flame (9)
 J - a wand of mindburst (3)
 Q - a wand of light (14)
Scrolls
 k - 2 scrolls of teleportation
 s - 3 scrolls of amnesia
 v - a scroll of poison
 z - 2 scrolls of immolation
 B - 3 scrolls of fog
 T - a scroll of identify
Potions
 e - 5 potions of curing
 l - 2 potions of brilliance
 o - 3 potions of lignification
 p - a potion of flight
 w - a potion of might
 A - 5 potions of berserk rage
 D - a potion of invisibility
 E - a potion of ambrosia
 K - a potion of haste
 L - 3 potions of attraction
 V - a potion of resistance
Miscellaneous
 R - a box of beasts


   Skills:
 + Level 9.2(14.2) Fighting
 * Level 15.4(20.6) Axes
 + Level 3.7(15.7) Maces & Flails
 + Level 2.5(7.5) Throwing
 + Level 3.9(8.9) Armour
 + Level 7.4(12.4) Dodging
 + Level 3.6(8.6) Stealth
 + Level 3.7(8.7) Shields
 + Level 4.0 Invocations


You had 12 spell levels left.
You didn't know any spells.
Your spell library contained the following spells:

 Spells                   Type           Power      Damage    Failure   Level
 Apportation              Tloc           0%         N/A       34%         1
 Magic Dart               Conj           0%         1d3       34%         1
 Necrotise                Necr           0%         1d4       34%         1
 Slow                     Hex            0%         N/A       34%         1
 Static Discharge         Conj/Air       0%         3-3/arc   47%         2
 Confusing Touch          Hex            0%         N/A       71%         3
 Gell's Gravitas          Tloc           0%         N/A       71%         3
 Lesser Beckoning         Tloc           0%         N/A       71%         3
 Mephitic Cloud           Conj/Pois/Air  0%         N/A       71%         3
 Teleport Other           Tloc           0%         N/A       71%         3
 Vampiric Draining        Necr           0%         2d6       71%         3
 Anguish                  Hex/Necr       0%         N/A       98%         4
 Alistair's Intoxication  Tmut/Pois      0%         N/A       100%        5
 Iskenderun's Battlesphe  Conj           0%         2d6       100%        5
 Lightning Bolt           Conj/Air       0%         1d11      100%        5
 Conjure Ball Lightning   Conj/Air       0%         3x3d6     100%        6
 Iron Shot                Conj/Erth      0%         9d1       100%        6
 Enfeeble                 Hex            0%         N/A       100%        7
 Discord                  Hex            0%         N/A       100%        8
 Disjunction              Tloc           0%         N/A       100%        8
 Maxwell's Capacitive Co  Air            0%         ∞         100%        8
 Summon Small Mammal      Summ           Unusable   N/A       N/A         1
 Call Imp                 Summ           Unusable   N/A       N/A         2
 Spellforged Servitor     Conj/Summ      Unusable   N/A       N/A         7

Dungeon Overview and Level Annotations

Branches:
Dungeon (14/15)            Temple (1/1) D:6            Lair (0/5) D:11
    Orc (0/2) D:11          Sewer (visited)
 Vaults: D:13-14

Altars:
Ashenzari
Cheibriados
Dithmenos
Fedhas
Gozag
Hepliaklqana
Kikubaaqudgha
Makhleb
Nemelex Xobeh
Okawaru
Qazlal
Ru
Sif Muna
Trog
Uskayaw
Vehumet
Wu Jian
Xom
Yredelemnul

Annotations:
D:8 2 transporters
D:11 exclusion: oklob plant


Innate Abilities, Weirdness & Mutations

You have hooves in place of feet.
You may rarely emit foul miasma when damaged in melee.
A meltable icy envelope protects you from harm. (AC +4)
When seriously injured, your blood forms armour. (AC +6)
A meltable shield of frost defends you. (SH +4)
You have a pair of small antennae on your head.
Your flesh is heat resistant. (rF+)
Your natural rate of healing is unusually fast.


Message History

You kick the skeletal warrior, but do no damage.
The skeletal warrior is moderately damaged.
You barely miss the vault guard. The vault guard completely misses you.
The skeletal warrior hits you with a +0 morningstar!
You hit the skeletal warrior but do no damage.
The skeletal warrior is moderately damaged.
You hit the vault guard but do no damage.
The skeletal warrior hits you with a +0 morningstar!
The vault guard hits you with a +0 battleaxe!
* * * LOW HITPOINT WARNING * * *
Okay, then.
As you read the scroll of fear, it crumbles to dust.
You assume a fearsome visage.
The vault guard looks frightened!
The skeletal warrior is unaffected.
The skeletal warrior closely misses you.
You can now deal lightning-fast blows.
You can no longer enter into single combat with a foe.
Okawaru will no longer gift you equipment.
The skeletal warrior hits you but does no damage.
You hit the skeletal warrior but do no damage.
The skeletal warrior is moderately damaged.
You hit the skeletal warrior but do no damage.
You kick the skeletal warrior, but do no damage.
The skeletal warrior is moderately damaged.
The skeletal warrior hits you with a +0 morningstar!
* * * LOW HITPOINT WARNING * * *
You barely miss the skeletal warrior.
The skeletal warrior is moderately damaged.
You hit the skeletal warrior but do no damage.
You kick the skeletal warrior, but do no damage.
The skeletal warrior is moderately damaged.
You hit the skeletal warrior but do no damage.
You kick the skeletal warrior. You punch the skeletal warrior!
The skeletal warrior is moderately damaged.
You hit the skeletal warrior but do no damage.
You kick the skeletal warrior.
The skeletal warrior is heavily damaged.
The vault guard gives up.
The skeletal warrior hits you with a +0 morningstar!!
You die...

###########
#.z@......##
#..####...P# #..#
#....# #..# #....#
#..# #....######
#p.#####........####
#...................
#.......P..P..P...PP
#...P♣♣♣..P♣♣♣...♣♣♣


You could see a vault guard (fleeing) and a skeletal warrior.

Vanquished Creatures
  4 hydras
  A centaur warrior (D:13)
  2 vault guards
  A catoblepas (D:13)
  5 two-headed ogres
  Nergalle (D:11)
  3 skeletal warriors (D:14)
  3 cyclopes (D:12)
  4 ugly things
  3 centaur zombies (D:14)
  2 gargoyles (D:12)
  Joseph (D:9)
  2 kobold demonologists
  A merfolk (D:12)
  3 trolls
  A harpy zombie (D:14)
  4 hornets
  4 slime creatures (D:12)
  A meliai zombie (D:14)
  Sigmund (D:3)
  3 shadows
  13 yaks
  2 wyverns
  A golden eye (shapeshifter) (D:12)
  2 vampire mosquitoes (D:13)
  2 steam dragons
  2 wargs (D:7)
  An acid dragon (D:13)
  2 water moccasins
  5 orc warriors
  Duvessa (D:5)
  2 ice beasts
  A sky beast (D:7)
  A swamp drake (D:11)
  3 black bears
  9 centaurs
  4 ogres (D:7)
  2 phantoms
  5 kobold brigands
  3 gnoll sergeants (D:7)
  4 bullfrogs
  2 necrophages
  8 wights
  Dowan (D:5)
  8 killer bees
  14 howler monkeys
  5 gnoll boudas
  11 hounds
  A jelly (D:4)
  10 orc priests
  2 iguanas
  20 orc wizards
  14 gnolls
  9 adders
  2 white imps
  2 worms
  3 dart slugs
  35 orcs
  6 bats
  8 endoplasms
  11 giant cockroaches
  9 goblins
  4 hobgoblins
  14 jackals
  24 kobolds
  8 quokkas
  11 ball pythons
  4 frilled lizards
  4 rats
365 creatures vanquished.

Vanquished Creatures (others)
  21 plants
  13 withered plants
34 creatures vanquished.

Grand Total: 399 creatures vanquished

Notes
Turn   | Place    | Note
-------+----------+-------------------------------------------
     0 | D:1      | booth the Demonspawn Gladiator began the quest for the Orb.
     0 | D:1      | Reached XP level 1. HP: 16/16 MP: 1/1
   169 | D:1      | Reached skill level 3 in Axes
   190 | D:1      | Gained mutation: A meltable shield of frost defends you.
                  | (SH +4) [demonic ancestry]
   190 | D:1      | Reached XP level 2. HP: 18/22 MP: 2/2
   596 | D:1      | Found a faded altar of an unknown god.
   937 | D:1      | Reached XP level 3. HP: 22/27 MP: 3/3
  1309 | D:2      | Reached skill level 1 in Armour
  1528 | D:2      | Found a basalt altar of Yredelemnul.
  1743 | D:2      | Gained mutation: You have large cloven feet. [demonic
                  | ancestry]
  1743 | D:2      | Reached XP level 4. HP: 34/34 MP: 4/4
  2162 | D:3      | Noticed Sigmund
  2234 | D:3      | Noticed a phantom
  2252 | D:3      | Killed a phantom
  2253 | D:3      | Reached skill level 4 in Axes
  2253 | D:3      | Gained mutation: A meltable icy envelope protects you from
                  | harm. (AC +4) [demonic ancestry]
  2253 | D:3      | Reached XP level 5. HP: 19/39 MP: 5/5
  2620 | D:3      | Killed Sigmund
  2621 | D:3      | Reached skill level 5 in Axes
  2621 | D:3      | Reached XP level 6. HP: 42/46 MP: 6/6
  3765 | D:4      | Reached XP level 7. HP: 51/52 MP: 7/7
  3767 | D:4      | Reached skill level 6 in Axes
  4156 | D:5      | Entered Level 5 of the Dungeon
  4198 | D:5      | Noticed Duvessa
  4809 | D:5      | Found a glowing drain.
  4821 | Sewer    | Entered a sewer
  4958 | Sewer    | Reached skill level 7 in Axes
  5062 | Sewer    | Reached skill level 1 in Shields
  5062 | Sewer    | Gained mutation: You may rarely emit foul miasma when
                  | damaged in melee. [demonic ancestry]
  5062 | Sewer    | Reached XP level 8. HP: 35/58 MP: 8/8
  6207 | D:5      | Noticed Dowan
  6217 | D:5      | Killed Duvessa
  6219 | D:5      | Killed Dowan
  6435 | D:6      | Reached skill level 8 in Axes
  6440 | D:6      | Reached skill level 1 in Stealth
  6530 | D:6      | Found a staircase to the Ecumenical Temple.
  6583 | Temple   | Entered the Ecumenical Temple
  6595 | Temple   | Became a worshipper of Warmaster Okawaru
  6630 | D:6      | Found an ancient bone altar of Kikubaaqudgha.
  7006 | D:6      | Reached * piety under Okawaru
  7007 | D:6      | Reached skill level 9 in Axes
  7007 | D:6      | Gained mutation: When seriously injured, your blood forms
                  | armour. (AC +6) [demonic ancestry]
  7007 | D:6      | Reached XP level 9. HP: 65/65 MP: 9/9
  7545 | D:7      | Found a hide-covered altar of Uskayaw.
  7545 | D:7      | Found a broken altar of Ashenzari.
  7599 | D:7      | Reached ** piety under Okawaru
  7603 | D:7      | Reached skill level 5 in Fighting
  7603 | D:7      | Reached skill level 10 in Axes
  7661 | D:7      | Paralysed by a hornet for 2 turns
  7948 | D:7      | Noticed a troll
  7972 | D:6      | Killed a troll
  8293 | D:7      | Reached XP level 10. HP: 30/75 MP: 10/10
  8449 | D:7      | Reached *** piety under Okawaru
  8675 | D:7      | Reached skill level 11 in Axes
  8733 | D:8      | Reached skill level 5 in Dodging
  9334 | D:8      | Noticed a two-headed ogre
  9345 | D:8      | Reached skill level 1 in Maces & Flails
  9360 | D:8      | Identified the amulet of Brilliance {Will+ Regen+ Int+6}
  9556 | D:8      | Killed a two-headed ogre
  9940 | D:8      | Found a transporter.
  9944 | D:8      | Found a transporter.
  9946 | D:8      | Found a transporter.
  9947 | D:8      | Found a transporter.
 10197 | D:9      | Reached **** piety under Okawaru
 10213 | D:9      | Reached skill level 12 in Axes
 10419 | D:9      | Noticed a two-headed ogre
 10454 | D:9      | Killed a two-headed ogre
 10455 | D:9      | Gained mutation: You have hoof-like feet. [demonic
                  | ancestry]
 10455 | D:9      | Reached XP level 11. HP: 18/84 MP: 9/11
 10910 | D:9      | Noticed Joseph
 10922 | D:9      | Killed Joseph
 11241 | D:10     | Entered Level 10 of the Dungeon
 11278 | D:10     | Paralysed by a hornet for 2 turns
 11476 | D:10     | Reached skill level 1 in Invocations
 11605 | D:10     | Found a hazy altar of Hepliaklqana.
 11967 | D:11     | Received a gift from Okawaru
 11969 | D:11     | Noticed a two-headed ogre
 11998 | D:11     | Killed a two-headed ogre
 12325 | D:11     | Noticed a seven-headed hydra
 12345 | D:11     | Killed a seven-headed hydra
 12345 | D:11     | Reached ***** piety under Okawaru
 12346 | D:11     | Reached skill level 13 in Axes
 12380 | D:11     | Found a staircase to the Orcish Mines.
 12615 | D:11     | Noticed Nergalle
 12626 | D:11     | Killed Nergalle
 12653 | D:11     | Received a gift from Okawaru
 12794 | D:11     | Noticed an oklob plant
 12837 | D:11     | You fall into a shaft and drop 1 floor!
 12865 | D:11     | Found a staircase to the Lair.
 13529 | D:12     | Noticed a two-headed ogre
 13539 | D:12     | Killed a two-headed ogre
 13540 | D:12     | Reached XP level 12. HP: 92/92 MP: 10/13
 13550 | D:12     | Identified the +0 pair of boots "Guont" {rElec rPois rCorr
                  | Int-4} (Okawaru gifted it to you on level 12 of the
                  | Dungeon)
 13550 | D:12     | Received a gift from Okawaru
 13664 | D:12     | Reached skill level 14 in Axes
 14035 | D:12     | Gained mutation: Your flesh is heat resistant. (rF+)
                  | [potion of mutation]
 14035 | D:12     | Gained mutation: Your natural rate of healing is unusually
                  | fast. [potion of mutation]
 14035 | D:12     | Gained mutation: You have a pair of small antennae on your
                  | head. [potion of mutation]
 14062 | D:13     | Noticed a catoblepas
 14119 | D:13     | Killed a catoblepas
 14366 | D:13     | Noticed a four-headed hydra
 14382 | D:13     | Killed a four-headed hydra
 14408 | D:13     | Noticed a two-headed ogre
 14435 | D:13     | Killed a two-headed ogre
 14478 | D:13     | Noticed a four-headed hydra
 14481 | D:13     | Found a broken altar of Ashenzari.
 14490 | D:13     | Killed a four-headed hydra
 14545 | D:13     | Noticed a centaur warrior
 14563 | D:13     | Killed a centaur warrior
 14845 | D:13     | Noticed a six-headed hydra
 14855 | D:13     | Killed a six-headed hydra
 15065 | D:14     | Noticed a vault guard
 15073 | D:14     | Noticed a vault guard
 15074 | D:14     | Noticed a vault guard
 15079 | D:14     | Reached skill level 15 in Axes
 15081 | D:13     | Killed a vault guard
 15129 | D:14     | Killed a vault guard
 15635 | D:14     | Gained mutation: You have hooves in place of feet. [demonic
                  | ancestry]
 15635 | D:14     | Reached XP level 13. HP: 99/101 MP: 14/16
 15825 | D:14     | Slain by a skeletal warrior

Illustrated notes

Levels and vault maps discovered:
D:1:      nicolae_arrival_memento_mori, layout_loops_ring,
          ebering_ecumenical_altar_petrified, ebering_dispersal_statue_hall
D:2:      layout_loops_ring, basic_altar
D:3:      layout_loops_cross, uniq_sigmund
D:4:      layout_loops_ring
D:5:      layout_basic, portal_sewer_entry_a, uniq_duvessa
D:6:      layout_rooms, lemuel_tele_altar, temple_pool_b, serial_corexii_hall,
          corexii_hall_statues_x, corexii_hall_statues_deadend,
          corexii_hall_statues_i
D:7:      lemuel_castle_with_subvaults [lemuel_castle_interior_carwin_2],
          layout_basic, gammafunk_temple_overflow_statue
D:8:      layout_rooms, nicolae_diode_quadrants
D:9:      layout_basic, hangedman_decor_lopped, uniq_joseph
D:10:     layout_loops_ring, gammafunk_temple_overflow_wave
D:11:     layout_loops_ring, dpeg_oklobed_lair, erik_orc_1,
          chequers_serial_rivers_micro_a, chequers_jeans, uniq_nergalle
D:12:     layout_cave_pools, hangedman_fish_farm
D:13:     layout_basic, cheibrodos_ashenzari_chains
D:14:     layout_long_grid, erik_vaults_2, serial_undead, serial_undead_b,
          serial_undead_e, serial_undead_a, serial_undead_d, serial_undead_a,
          serial_undead_c, serial_undead_d, serial_undead_d, serial_undead_b,
          serial_undead_a, kennysheep_boxes, hangedman_decor_riveting,
          drop_trap, minmay_rotating_lava
Temple:   sentei_temple_godly_chess

Skill      XL: |  1  2  3  4  5  6  7  8  9 10 11 12 |
---------------+-------------------------------------+-----
Axes           | 3 4 5 7 9 10 12 13 15 | 15.4
Dodging        | 3 4 5 6 7 |  7.4
Armour         | 1 2 3 |  3.9
Fighting       | 3 4 5 7 8 9 |  9.2
Throwing       | 2 |  2.5
Shields        | 1 2 3 |  3.7
Stealth        | 1 2 3 |  3.6
Maces & Flails | 2 3 |  3.7
Invocations    | 2 4 |  4.0

Action                   |  1- 3 |  4- 6 |  7- 9 | 10-12 | 13-15 || total
-------------------------+-------+-------+-------+-------+-------++-------
Melee: War axe           |    99 |   123 |   396 |   585 |    30 ||  1233
       Kick              |       |    25 |   114 |   151 |    13 ||   303
       Punch             |       |     3 |     4 |    15 |     5 ||    27
       Flail             |       |       |       |    42 |       ||    42
       Mace              |       |       |       |    13 |       ||    13
Throw: Javelin           |     1 |     2 |     3 |       |       ||     6
       Dart              |       |     3 |     7 |     1 |       ||    11
       Throwing net      |       |     2 |     2 |       |       ||     4
       Boomerang         |       |       |     8 |       |       ||     8
Invok: Heroism           |       |       |       |    38 |     2 ||    40
       Finesse           |       |       |       |     1 |     1 ||     2
  Use: Scroll            |       |     6 |     4 |    16 |     1 ||    27
       Potion            |       |     3 |     5 |     4 |       ||    12
 Stab: Sleeping          |       |       |       |     5 |       ||     5
       Confused          |       |       |       |     2 |       ||     2
Armor: Leather armour    |    24 |    41 |   143 |    69 |       ||   277
       Steam dragon scal |       |       |       |   164 |     1 ||   165
       Ring mail         |       |       |       |       |    10 ||    10
Dodge: Dodged            |    59 |    71 |   296 |   449 |    31 ||   906
Block: Other             |    22 |    24 |    78 |    96 |     6 ||   226
